Map: 백워터 - 래더

Players

Jieshi

  • Race: Protoss Protoss
  • League: Master
  • Spawn Location: 11:00

herO - Winner!

  • Race: Protoss Protoss
  • Spawn Location: 5:00

Event: 2018 Hangzhou StarCraft Carnival

VOD

Have the link to the VOD?

Description

Time

  • Played on: April 29, 2018, 2:33 a.m.
  • Length: 4:35

All games in this series

Show
View Real Time Build Order
Export as new Build Order

Jieshi Protoss 

Build Orders:  

Get SALT Encoding   

  12  0:00  Probe  
  13  0:12  Probe  
  14  0:17  Pylon  
  14  0:24  Probe  
  15  0:32  Probe  
  15  0:37  Gateway  
  15  0:40  Probe  
  16  0:47  Assimilator  
  17  0:50  Probe  
  17  0:55  Assimilator  
  18  0:58  Probe  
  19  1:06  Probe  
  20  1:14  Gateway  
  20  1:17  Probe  
  20  1:24  Cybernetics Core  
  21  1:29  Probe  
  22  1:34  Pylon  
  22  1:41  Probe  
  22  1:43  Warp Gate  
  23  1:53  Probe  
  24  2:01  Stalker x2  
  28  2:14  Pylon  
  28  2:31  Stalker  
  28  2:32  Stalker  
  28  2:35  Probe  
  32  2:46  Gateway  
  32  2:47  Gateway  
  32  3:01  Stalker  
  32  3:05  Stalker  
  36  3:19  Shield Battery  
  36  3:20  Pylon  
  36  3:31  Pylon  
  36  3:38  Shield Battery  
  36  3:47  Stalker x2  
  38  3:51  Stalker  
  38  3:55  Sentry  
  36  4:15  Stalker x2  
  39  4:23  Stalker  
  33  4:26  Stalker  
Show
View Real Time Build Order
Export as new Build Order

herO Protoss - Winner!

Build Orders:  

Get SALT Encoding   

  12  0:00  Probe  
  13  0:12  Probe  
  14  0:16  Pylon  
  14  0:23  Probe  
  15  0:31  Probe  
  15  0:37  Gateway  
  15  0:40  Probe  
  16  0:45  Assimilator  
  17  0:50  Probe  
  17  0:54  Assimilator  
  18  0:58  Probe  
  19  1:06  Probe  
  19  1:07  Gateway  
  20  1:17  Probe  
  20  1:24  Cybernetics Core  
  21  1:29  Probe  
  22  1:34  Pylon  
  22  1:41  Warp Gate, Probe  
  23  1:54  Probe  
  24  2:01  Adept x2  
  28  2:13  Pylon  
  28  2:19  Shield Battery  
  28  2:28  Stalker  
  30  2:31  Stalker  
  32  2:44  Gateway  
  32  2:48  Gateway  
  32  2:58  Stalker  
  32  3:01  Stalker  
  35  3:15  Pylon  
  35  3:31  Pylon  
  35  3:45  Stalker x3  
  35  3:47  Stalker  
  43  4:23  Stalker x4  
Tags
 
Add a new tag
Caveats
  • Supply blocks, unpowered buildings, or Contaminate may cause inaccurate times.
  • Supply counts are checked every 10 seconds.